 Dungeon Crawl Stone Soup version 0.30.0-13-g156ef70053 (webtiles) character file.

Game seed: 11268502116056985780

78 NotreDorf the Stinger (level 4, 0/30 HPs)
             Began as a Merfolk Venom Mage on May 17, 2023.
             Slain by a gnoll
             ... wielding a +0 halberd
              (12 damage)
             ... on level 2 of the Dungeon.
             The game lasted 00:07:58 (1588 turns).

NotreDorf the Stinger (Merfolk Venom Mage)          Turns: 1588, Time: 00:07:59

Health: 0/30       AC:  2    Str:  8    XL:     4   Next: 36%
Magic:  0/8        EV: 13    Int: 16    God:
Gold:   22         SH:  0    Dex: 14    Spells: 2/8 levels left

rFire   . . .        c - +0 mace
rCold   . . .        (no shield)
rNeg    . . .        a - +0 robe
rPois   .            (no helmet)
rElec   .            (no cloak)
rCorr   .            (no gloves)
SInv    .            (no boots)
Will    .....        (no amulet)
Stlth   ++           (no ring)
HPRegen 0.25/turn    (no ring)
MPRegen 0.11/turn

%: no passive effects
@: no status effects
A: (nimble swimmer 2), mertail
a: no special abilities


You were on level 2 of the Dungeon.
You visited 1 branch of the dungeon, and saw 2 of its levels.

You collected 22 gold pieces.

Inventory:

Hand Weapons
 c - a +0 mace (weapon)
Armour
 a - a +0 robe (worn)
Jewellery
 k - a ring of protection from fire
Scrolls
 e - a scroll of magic mapping {unknown}
 f - 2 scrolls of identify {unknown}
 h - a scroll of blinking {unknown}
 i - a scroll of teleportation {unknown}
Potions
 b - 3 potions of magic
 d - a potion of degeneration {unknown}
 g - a potion of attraction {unknown}
 j - a potion of heal wounds {unknown}


   Skills:
 + Level 3.8 Dodging
 - Level 2.1 Stealth
 + Level 2.6 Spellcasting
 + Level 2.8 Transmutations
 + Level 3.9 Poison Magic


You had 2 spell levels left.
You knew the following spells:

 Your Spells              Type           Power      Damage    Failure   Level
a - Sting                 Tmut/Pois      52%        1d5       4%          1
b - Poisonous Vapours     Pois/Air       16%        N/A       13%         2
c - Mephitic Cloud        Conj/Pois/Air  6%         N/A       34%         3

Your spell library contained the following spells:

 Spells                   Type           Power      Damage    Failure   Level
 Passwall                 Tmut/Erth      5%         N/A       16%         2
 Cigotuvi's Dreadful Rot  Necr/Pois/Air  12%        N/A       17%         2
 Ensorcelled Hibernation  Hex/Ice        4%         N/A       30%         2
 Olgreb's Toxic Radiance  Pois           14%        N/A       36%         4
 Swiftness                Air            2%         N/A       52%         3
 Dispel Undead            Necr           2%         3d7       89%         4
 Death Channel            Necr           1%         N/A       100%        6


Dungeon Overview and Level Annotations

Branches:
Dungeon (2/15)

Altars:

Shops:
D:1 =


Innate Abilities, Weirdness & Mutations

((You are very nimble when in or above water. (Stealth+, EV+, Speed+++)))
Your lower body shifts to a powerful aquatic tail in water.


Message History

Aim: a gnoll, wielding a +0 spear (poisoned) Poisonous vapours surround the gnoll!
The gnoll looks even sicker.
Casting: Poisonous Vapours (safe; 13% risk of failure)
Confirm with . or Enter, or press ? or * to list all spells.
Aiming: Poisonous Vapours (safe; 13% risk of failure)
Press: ? - help, Dir - move target, f - gnoll, p - gnoll
Aim: a gnoll, wielding a +0 halberd Poisonous vapours surround the gnoll!
The gnoll is poisoned.
The gnoll hits you from afar with a +0 spear.
The gnoll hits you from afar with a +0 halberd!
The gnoll barely misses you.
There is a stone staircase leading up, spattered with blood here.
You hit the gnoll.
The gnoll is heavily wounded.
The gnoll barely misses you. The gnoll closely misses you.
The gnoll barely misses you.
You barely miss the gnoll.
The gnoll is severely wounded.
The gnoll closely misses you. The gnoll hits you with a +0 spear.
You barely miss the gnoll.
The gnoll is severely wounded.
The gnoll barely misses you. x2; The gnoll hits you with a +0 spear.
The gnoll misses you.
You closely miss the gnoll.
The gnoll is severely wounded.
The gnoll looks more healthy.
The gnoll barely misses you. x2
You barely miss the gnoll.
The gnoll is almost dead.
The gnoll closely misses you. x2
You hit the gnoll.
You kill the gnoll!
The gnoll barely misses you. x2
Casting: Poisonous Vapours (safe; 13% risk of failure)
Confirm with . or Enter, or press ? or * to list all spells.
Aiming: Poisonous Vapours (safe; 13% risk of failure)
Press: ? - help, Dir - move target, f/p - gnoll
Aim: a gnoll, wielding a +0 halberd (heavily wounded) Poisonous vapours surround the gnoll!
The gnoll is poisoned.
The gnoll hits you from afar with a +0 halberd!
You die...

#..##).# #......#.#
#..##..#####..#.#.#
##..##.........#.#.#
#........####.##.#.#
#...###....#.....#.#
#...#....#.#.....#.#
#...#....#...........
#.#.###..#.#.#.#.##..
#..<@.g........#.#...
#.##)###.#.#.....#...
#........#..g....#...
####..####....g......
###.####.####......
#........#.........
#.#.#....#.........
#.#.##.#.........
#.........#.#.#..


You could see a gnoll (poisoned).

Vanquished Creatures
  2 gnolls (D:2)
  2 adders (D:2)
  A dart slug (D:1)
  2 ball pythons (D:2)
  3 endoplasms
  4 giant cockroaches
  4 goblins
  6 hobgoblins
  A quokka (D:1)
  4 bats
  2 frilled lizards (D:1)
  5 kobolds
  2 rats (D:1)
38 creatures vanquished.

Notes
Turn   | Place    | Note
-------+----------+-------------------------------------------
     0 | D:1      | NotreDorf the Merfolk Venom Mage began the quest for the
                  | Orb.
     0 | D:1      | Reached XP level 1. HP: 13/13 MP: 3/3
   251 | D:1      | Reached XP level 2. HP: 14/19 MP: 3/5
   514 | D:1      | Found Kyseuk's One-of-a-Kind Rings.
   700 | D:1      | Reached XP level 3. HP: 23/24 MP: 3/6
  1079 | D:2      | Learned a level 2 spell: Poisonous Vapours
  1083 | D:2      | Learned a level 3 spell: Mephitic Cloud
  1377 | D:2      | Reached XP level 4. HP: 30/30 MP: 0/7
  1588 | D:2      | Slain by a gnoll

Illustrated notes

Levels and vault maps discovered:
D:1:      giann_forest_graveyard, layout_loops_ring,
          kennysheep_decorative_pillar, nicolae_shop_unique_rings,
          minmay_misc_feat_chi
D:2:      layout_basic

Skill      XL: |  1  2 |
---------------+-------+-----
Dodging        | 3 |  3.8
Transmutations | 2 |  2.8
Stealth        | |  2.1
Spellcasting   | |  2.6
Poison Magic   | |  3.9

Action                     |  1- 3 |  4- 6 || total
---------------------------+-------+-------++-------
  Melee: Mace              |    35 |     8 ||    43
   Cast: Sting             |    44 |       ||    44
         Poisonous Vapours |     7 |     7 ||    14
 Armour: Robe              |     9 |     1 ||    10
  Dodge: Dodged            |    36 |    15 ||    51
